AoeStats
← CazadorGT

Arabia

508953927Analyzed
2v2 RM · 8d ago on Sep 24, 2026· 30m 35s· 4 players
Game mode
Random Map
Map size
Medium (4 player)
Population
200
Speed
Normal
Resources
Standard
Victory
Conquest
Starting age
Dark Age
Ending age
Imperial Age
RankedLock teamsTeams togetherTeam positionsShared explorationLock speedFull tech treeHidden civsTurbo modeCheats
Victory
Defeat
🇬🇹 Italians · Guatemala
1172
+17
🇻🇪 Franks · Venezuela
1120
+19
🇩🇪 Danes · Germany
1207
-18
🇦🇺 Saxons · Australia
1183
-18
CazadorGT
6:43 Loom
9:30 Feudal Age
15:31 Padded Archer Armor
16:27 Fletching
22:55 Castle Age
22:18 Double-Bit Axe
22:15 Horse Collar
23:02 Crossbowman
24:05 Bodkin Arrow
28:45 Leather Archer Armor
30:57 Wheelbarrow
dejame_ganar
7:42 Loom
9:41 Feudal Age
10:55 Double-Bit Axe
21:55 Castle Age
21:19 Forging
21:15 Scale Barding Armor
25:21 Iron Casting
25:07 Chain Barding Armor
26:11 Husbandry
Arik 007
5:38 Loom
10:09 Feudal Age
10:21 Man-at-Arms
16:31 Fletching
24:38 Castle Age
23:15 Double-Bit Axe
24:55 Elite Skirmisher
27:07 Padded Archer Armor
slow_baba
6:03 Loom
9:07 Feudal Age
10:07 Double-Bit Axe
10:50 Horse Collar
22:55 Castle Age
21:57 Padded Archer Armor
21:47 Fletching
24:07 Bodkin Arrow
25:51 Leather Archer Armor
Connection lost

Rejoining the realm…

Still unreachable

The connection could not be restored.

Session expired

The server has moved on; the page needs a fresh start.